 Dungeon Crawl Stone Soup version 0.30.0-19-g36f170ea60 (webtiles) character file.

Game seed: 7939113913733494808

3306 Labrat the Destroyer (level 10, -4/74 HPs)
             Began as a Human Conjurer on May 26, 2023.
             Was a Follower of Vehumet.
             Slain by an orc warlord (6 damage)
             ... in a bailey.
             The game lasted 00:27:00 (8896 turns).

Labrat the Destroyer (Human Conjurer)               Turns: 8896, Time: 00:27:01

Health: -4/74      AC:  6    Str:  6 (7)  XL:     10   Next: 21%
Magic:  0/24       EV: 12    Int: 20 (21) God:    Vehumet [*.....]
Gold:   448        SH:  0    Dex: 15 (16) Spells: 15/29 levels left

rFire   . . .        q - +3 short sword (elec)
rCold   . . .        (no shield)
rNeg    . . .        a - +0 robe
rPois   .            h - +0 helmet
rElec   .            c - +0 cloak
rCorr   .            u - +1 pair of gloves
SInv    .            (no boots)
Will    +....        (no amulet)
Stlth   ++           w - ring of willpower
HPRegen 0.32/turn    (no ring)
MPRegen 0.19/turn

%: clarity
@: no status effects
A: agile 1, clarity, deformed body, shaggy fur 1
a: Renounce Religion


You were in a bailey.
You worshipped Vehumet.
Vehumet was aware of your devotion.
You visited 2 branches of the dungeon, and saw 9 of its levels.
You also visited: Bailey.

You collected 448 gold pieces.

Inventory:

Hand Weapons
 q - a +3 short sword of electrocution (weapon)
Missiles
 o - 9 poisoned darts
Armour
 a - a +0 robe (worn)
 c - a +0 cloak (worn)
 h - a +0 helmet (worn)
 u - a +1 pair of gloves (worn)
Jewellery
 w - a ring of willpower (left hand)
Wands
 v - a wand of flame (10)
Scrolls
 d - 4 scrolls of enchant weapon
 f - 4 scrolls of immolation
 g - a scroll of acquirement
 k - 8 scrolls of fear
 l - a scroll of enchant armour
 m - a scroll of vulnerability
 p - a scroll of teleportation {unknown}
 r - a scroll of magic mapping {unknown}
 s - a scroll of noise {unknown}
 t - 2 scrolls of poison
 y - a scroll of fog {unknown}
Potions
 b - 4 potions of curing
 e - a potion of lignification
 i - a potion of haste {unknown}
 n - a potion of might {unknown}
 x - a potion of heal wounds {unknown}
 z - a potion of invisibility {unknown}
 A - a potion of brilliance {unknown}


   Skills:
 - Level 5.0 Fighting
 + Level 0.6 Armour
 + Level 2.2 Dodging
 - Level 2.0 Stealth
 - Level 10.2 Spellcasting
 - Level 11.5 Conjurations
 - Level 3.0 Translocations


You had 15 spell levels left.
You knew the following spells:

 Your Spells              Type           Power      Damage    Failure   Level
a - Magic Dart            Conj           100%       1d8       1%          1
b - Searing Ray           Conj           100%       2d8       1%          2
c - Iskenderun's Mystic   Conj/Tloc      39%        2d9       3%          4
d - Tukima's Dance        Hex            10%        N/A       21%         3
e - Passage of Golubria   Tloc           22%        N/A       21%         4

Your spell library contained the following spells:

 Spells                   Type           Power      Damage    Failure   Level
 Freeze                   Ice            40%        1d6       7%          1
 Dazzling Flash           Conj/Hex       66%        N/A       1%          3
 Fulminant Prism          Conj/Hex       16%        3d10      6%          4
 Beastly Appendage        Tmut           20%        N/A       7%          1
 Wereblood                Tmut           10%        N/A       11%         2
 Spider Form              Tmut/Pois      10%        N/A       21%         3
 Leda's Liquefaction      Hex/Erth       5%         N/A       56%         4
 Summon Forest            Summ/Tloc      8%         N/A       71%         5
 Lee's Rapid Deconstruct  Erth           5%         3d6*      88%         5
 Summon Mana Viper        Hex/Summ       10%        N/A       88%         5
 Yara's Violent Unravell  Hex/Tmut       5%         3d4       88%         5
 Statue Form              Tmut/Erth      6%         N/A       100%        6
 Summon Cactus Giant      Summ           5%         N/A       100%        6


Dungeon Overview and Level Annotations

Branches:
Dungeon (8/15)             Temple (1/1) D:5          Bailey (1/1)
   Lair: D:8-11

Altars:
Ashenzari
Elyvilon
Fedhas
Gozag
Hepliaklqana
Kikubaaqudgha
Makhleb
Nemelex Xobeh
Okawaru
Qazlal
Ru
Trog
Vehumet
Wu Jian
Xom
Yredelemnul
The Shining One

Shops:
D:1 !=   D:3 :


Innate Abilities, Weirdness & Mutations

You are agile. (Dex +4, Str/Int -1)
You possess an exceptional clarity of mind.
Armour fits poorly on your strangely shaped body.
You are covered in fur. (AC +1)


Message History

The orc warlord looks even sicker.
The orc warlord is severely wounded.
Aiming: Bolt of Light
Press: ? - help, Shift-Dir - straight line, f/p - orc warlord
Aim: an orc warlord, wearing a +0 chain mail (severely wounded, poisoned, 79% to hit)
The bolt of light hits the orc warlord!
The orc warlord is almost dead.
The orc warlord is blinded.
You hit the orc warlord.
The orc warlord is almost dead.
The orc warlord is no longer blind.
The orc warlord hits you!
You puncture the orc warlord!
The orc warlord is almost dead.
The orc warlord hits you!!
* * * LOW HITPOINT WARNING * * *
Aiming: Bolt of Light
Press: ? - help, Shift-Dir - straight line, f/p - orc warlord
Aim: an orc warlord, wearing a +0 chain mail (almost dead, poisoned, 79% to hit)
The bolt of light hits the orc warlord.
The orc warlord is almost dead.
The orc warlord is blinded.
The orc warlord hits you.
* * * LOW HITPOINT WARNING * * *
You see here 2 boomerangs.
The orc warlord looks more healthy.
Unknown command.
Casting: Iskenderun's Mystic Blast (dangerous; 3% risk of failure)
Confirm with . or Enter, or press ? or * to list all spells.
You erupt in a blast of force!
The mystic blast hits the orc warlord but does no damage.
The orc warlord is almost dead.
The orc warlord is no longer blind.
The orc warlord hits you but does no damage.
Aiming: Bolt of Light
Press: ? - help, Shift-Dir - straight line, f/p - orc warlord
Aim: an orc warlord, wearing a +0 chain mail (almost dead, 79% to hit)
The bolt of light hits the orc warlord.
The orc warlord is almost dead.
The orc warlord is blinded.
The now-empty wand crumbles to dust.
The orc warlord hits you.
You die...

##♣♣♣.....♣♣♣#####
.##.....(...##...##
..##....)..##.....## ≈≈♣♣
...##~~~~~##...8...##≈≈≈♣
8...#~~~~~#...).....##≈≈♣
....#~~~~~#..........#≈≈♣
...)'.)...(.(..8.)8..#≈≈♣
.)..#########........#≈≈♣
.####~~~#~~~##..@...##≈≈♣
.#o~#~.....:~#.o...##...♣
.#~........?~#....##....♣
##~8.8...8.8##....#.....♣♣
)~~.........#.....'......♣
'((....∩....#.....')..∩.∩♣
)~~.........#.....'......♣
##~8.8...8.8##....#.....♣♣
(#~........?~#(...##....♣


You could see an orc warlord (blind).

Vanquished Creatures
  Eustachio (D:4)
  2 water moccasins
  3 orc warriors (Bailey)
  An ice beast (D:6)
  A black bear (D:6)
  A centaur (D:7)
  Blork the orc (D:4)
  A kobold brigand (D:8)
  2 bullfrogs
  3 jellies
  3 scorpions
  3 howler monkeys
  A centaur zombie (D:5)
  4 hounds
  6 orc priests
  Crazy Yiuf (D:3)
  A gnoll bouda (D:6)
  A sleepcap (D:7)
  5 iguanas
  5 orc wizards
  A killer bee zombie (D:5)
  Robin (D:4)
  4 gnolls
  9 adders
  A shadow imp (D:5)
  2 white imps (D:7)
  2 ufetubi (D:5)
  21 orcs
  6 bats
  6 endoplasms
  A giant cockroach (D:3)
  21 goblins
  8 hobgoblins
  4 jackals
  22 kobolds
  A quokka (D:4)
  A ball python (D:4)
  2 frilled lizards (D:2)
  A rat (D:2)
160 creatures vanquished.

Vanquished Creatures (others)
  A dancing weapon (Bailey)
1 creature vanquished.

Grand Total: 161 creatures vanquished

Notes
Turn   | Place    | Note
-------+----------+-------------------------------------------
     0 | D:1      | Labrat the Human Conjurer began the quest for the Orb.
     0 | D:1      | Reached XP level 1. HP: 13/13 MP: 3/3
    66 | D:1      | Found Isurchol's Distillery.
    78 | D:1      | Found Ygihes's Jewellery Emporium.
   390 | D:1      | Reached XP level 2. HP: 19/19 MP: 0/5
   617 | D:1      | Found a faded altar of an unknown god.
   918 | D:2      | Reached XP level 3. HP: 24/24 MP: 1/6
   921 | D:2      | Learned a level 2 spell: Searing Ray
  1527 | D:2      | You fall into a shaft and drop 1 floor!
  1557 | D:3      | Found Nakhiemp's Book Boutique.
  1963 | D:3      | Found a blossoming altar of Fedhas.
  2026 | D:3      | Found a faded altar of an unknown god.
  2150 | D:3      | Reached XP level 4. HP: 25/30 MP: 0/8
  2281 | D:3      | Found a runed translucent door.
  2282 | D:3      | Noticed Crazy Yiuf
  2670 | D:3      | Found a hazy altar of Hepliaklqana.
  2912 | D:4      | Reached skill level 5 in Conjurations
  2912 | D:4      | Reached XP level 5. HP: 35/35 MP: 2/10
  2987 | D:4      | Noticed Blork the orc
  3108 | D:4      | Noticed Eustachio
  3226 | D:4      | Killed Blork the orc
  3227 | D:4      | Reached XP level 6. HP: 19/41 MP: 1/12
  3496 | D:4      | Noticed Robin
  3500 | D:4      | Killed Robin
  3757 | D:4      | Reached skill level 6 in Conjurations
  3876 | D:4      | Found an opulent altar of Gozag.
  4196 | D:4      | Killed Eustachio
  4197 | D:4      | Reached skill level 5 in Spellcasting
  4197 | D:4      | Reached XP level 7. HP: 46/46 MP: 2/14
  4432 | D:5      | Entered Level 5 of the Dungeon
  4440 | D:5      | Identified the +0 scale mail "Eheezot" {rN+}
  4450 | D:5      | Noticed a water moccasin
  4455 | D:5      | Killed a water moccasin
  4548 | D:5      | Found a staircase to the Ecumenical Temple.
  4559 | Temple   | Entered the Ecumenical Temple
  4567 | Temple   | Became a worshipper of Vehumet
  4674 | D:5      | Found a sparkling altar of Nemelex Xobeh.
  4725 | D:5      | Reached skill level 7 in Conjurations
  4731 | D:5      | Reached XP level 8. HP: 45/52 MP: 1/16
  4746 | D:5      | Gained mutation: You are dopey. (Int -2) [potion of
                  | mutation]
  4746 | D:5      | Gained mutation: You are clumsy. (Dex -2) [potion of
                  | mutation]
  4746 | D:5      | Gained mutation: You possess an exceptional clarity of
                  | mind. [potion of mutation]
  4748 | D:5      | Reached skill level 10 in Spellcasting
  4748 | D:5      | Reached skill level 11 in Conjurations
  4748 | D:5      | Reached XP level 9. HP: 3/57 MP: 10/23
  4750 | D:5      | HP: 4/85 [shadow imp (2)]
  5045 | D:5      | Learned a level 4 spell: Iskenderun's Mystic Blast
  5088 | D:5      | Found a basalt altar of Yredelemnul.
  5102 | D:5      | Found a white marble altar of Elyvilon.
  5292 | D:6      | Reached skill level 1 in Fighting
  5434 | D:6      | Reached skill level 1 in Translocations
  5484 | D:6      | Found a stormy altar of Qazlal.
  6083 | D:6      | Found a glowing golden altar of the Shining One.
  6810 | D:6      | Identified a scroll of acquirement
  6913 | D:3      | Killed Crazy Yiuf
  7199 | D:7      | Reached * piety under Vehumet
  7199 | D:7      | Offered knowledge of Freeze by Vehumet.
  7200 | D:7      | Reached XP level 10. HP: 71/71 MP: 19/24
  7224 | D:7      | Found a shimmering altar of Xom.
  8152 | D:7      | Found a bloodstained altar of Trog.
  8348 | D:8      | Found a flagged portal.
  8409 | Bailey   | Entered a bailey
  8433 | Bailey   | Noticed an orc warlord
  8583 | Bailey   | Found a runed translucent gate.
  8584 | Bailey   | Found a runed translucent gate.
  8594 | Bailey   | Lost mutation: You possess an exceptional clarity of mind.
                  | [potion of mutation]
  8594 | Bailey   | Lost mutation: You are clumsy. (Dex -2) [potion of
                  | mutation]
  8594 | Bailey   | Gained mutation: You have large cloven feet. [potion of
                  | mutation]
  8595 | Bailey   | Lost mutation: You have large cloven feet. [potion of
                  | mutation]
  8595 | Bailey   | Lost mutation: You are dopey. (Int -2) [potion of mutation]
  8595 | Bailey   | Gained mutation: You possess an exceptional clarity of
                  | mind. [potion of mutation]
  8595 | Bailey   | Gained mutation: Armour fits poorly on your strangely
                  | shaped body. [potion of mutation]
  8595 | Bailey   | Gained mutation: You are covered in fur. (AC +1) [potion of
                  | mutation]
  8595 | Bailey   | Gained mutation: You are agile. (Dex +4, Str/Int -1)
                  | [potion of mutation]
  8601 | Bailey   | Found a runed translucent gate.
  8638 | Bailey   | Reached skill level 5 in Fighting
  8642 | Bailey   | Learned a level 3 spell: Tukima's Dance
  8647 | Bailey   | Learned a level 4 spell: Passage of Golubria
  8889 | Bailey   | HP: 2/74 [orc warlord (21)]
  8896 | Bailey   | Slain by an orc warlord

Illustrated notes

Levels and vault maps discovered:
D:1:      minmay_arrival_checkered_box, layout_loops_ring,
          hellmonk_ecumenical_altar_blasted, serial_shops, shop, shop
D:2:      layout_loops_ring, chequers_serial_rivers_micro_d
D:3:      layout_basic, nicolae_overflow_ecumenical_swirl,
          mainiacjoe_overflow_brackets, serial_shops, nicolae_diamond_shop,
          uniq_crazy_yiuf_cottage
D:4:      layout_loops_ring, mainiacjoe_overflow_tiny_flanked,
          hangedman_minor_gate_pass, uniq_eustachio, uniq_robin,
          uniq_blork_the_orc
D:5:      layout_rooms, mainiacjoe_overflow_alcove_2,
          lemuel_zombie_altar_yredelemnul, mainiacjoe_overflow_24_doors,
          minmay_temple_entry_overgrown, minmay_misc_feat_room
D:6:      layout_basic, tso_oasis_becter, lemuel_crystal_altar,
          grunt_decor_mini_mirrors, corexii_hall_statues_t
D:7:      layout_loops_corners, lemuel_round_altar, tgw_xom
D:8:      layout_rooms, nicolae_uskayaw_dance_studio, serial_rivers,
          chequers_serial_rivers_room_a, chequers_serial_rivers_room_b,
          chequers_serial_rivers_large_b, chequers_serial_rivers_micro_c,
          chequers_serial_rivers_large_a, chequers_serial_rivers_small_a,
          enter_bailey_5
Temple:   nicolae_temple_little_seven
Bailey:   bailey_axe_bossmonster_kennysheep, bailey

Skill      XL: |  1  2  3  4  5  6  7  8  9 10 |
---------------+-------------------------------+-----
Spellcasting   | 3 4 5 10 | 10.2
Conjurations   | 5 6 7 11 | 11.5
Fighting       | 3 5 |  5.0
Translocations | 3 |  3.0
Armour         | |  0.6
Dodging        | |  2.2
Stealth        | |  2.0

Action                     |  1- 3 |  4- 6 |  7- 9 | 10-12 || total
---------------------------+-------+-------+-------+-------++-------
  Melee: Dagger            |     2 |     4 |       |       ||     6
         Short sword       |       |     2 |    21 |    15 ||    38
  Throw: Dart              |       |       |       |    10 ||    10
   Cast: Magic Dart        |    50 |    55 |   100 |    57 ||   262
         Searing Ray       |     2 |    13 |    31 |     9 ||    55
         Iskenderun's Myst |       |       |     2 |     9 ||    11
         Tukima's Dance    |       |       |       |     3 ||     3
         Passage of Golubr |       |       |       |     1 ||     1
  Evoke: Wand              |       |       |       |     7 ||     7
    Use: Potion            |       |       |     6 |     2 ||     8
         Scroll            |       |       |     5 |     2 ||     7
 Armour: Robe              |     4 |     5 |    16 |     4 ||    29
         Skin              |       |       |    10 |       ||    10
  Dodge: Dodged            |     3 |    20 |    36 |    12 ||    71
